 Dungeon Crawl Stone Soup version 0.18-a0-1713-g50a528e (webtiles) character file.

296 Etesian the Ruffian (level 6, -1/53 HPs)
             Began as a Ghoul Monk on Apr 7, 2016.
             Slain by an orc
             ... wielding a +0 short sword
              (4 damage)
             ... on level 4 of the Dungeon.
             The game lasted 00:07:28 (2147 turns).

Etesian the Ruffian (Ghoul Monk)                    Turns: 2147, Time: 00:07:29

Health: -1/53      AC:  3    Str: 17    XL:     6   Next: 35%
Magic:  5/5        EV: 13    Int:  5    God:
Gold:   147        SH:  0    Dex: 11    Spells: 0 memorised, 5 levels left

rFire  . . .     SeeInvis .       - Unarmed
rCold  + . .     Gourm    .     a - +1 robe
rNeg   + + +     Faith    .     (no shield)
rPois  ∞         Spirit   .     (no helmet)
rElec  .         Dismiss  .     (no cloak)
rCorr  .         Reflect  .     (no gloves)
SustAt .         Harm     .     (no boots)
MR     .....                    (no amulet)
Stlth  ++........               (no ring)
                                (no ring)

@: about to teleport, rotting, not resistant to hostile enchantments, unstealthy
A: rotting body, claws 1, carnivore 3, cold resistance 1, negative energy
resistance 3, slow regeneration 1, torment resistance, unbreathing
a: no special abilities


You were on level 4 of the Dungeon.
You were not hungry.

You visited 1 branch of the dungeon, and saw 4 of its levels.

You collected 147 gold pieces.

Inventory:

Missiles
 m - 2 javelins (quivered)
Armour
 a - a +1 robe (worn)
Scrolls
 i - a scroll of remove curse
 j - 3 scrolls of teleportation
 p - 3 scrolls of enchant armour
Potions
 c - 2 potions of berserk rage
 e - a potion of flight
 g - a potion of cure mutation
 h - 2 potions of curing {unknown}
 l - a potion of lignification {unknown}
 o - 2 potions of heal wounds {unknown}
 q - a potion of haste {unknown}
Comestibles
 b - 2 meat rations
 d - a chunk of flesh
 f - 2 slices of pizza


   Skills:
 + Level 4.7 Fighting
 + Level 3.7 Dodging
 - Level 2.1 Stealth
 * Level 6.7 Unarmed Combat


You had 5 spell levels left.
You didn't know any spells.

Dungeon Overview and Level Annotations

Branches:
Dungeon (4/15)
 Temple: D:4-7

Altars:
Gozag
Lugonu

Portals:
Abyss: D:1

Annotations:
D:4 Sigmund


Innate Abilities, Weirdness & Mutations

Your body is rotting away.
You thrive on raw meat.
You are immune to poison.
You have sharp fingernails.
You are carnivorous and can eat meat at any time.
Your flesh is cold resistant.
You are immune to negative energy.
You regenerate slowly when monsters are visible.
You are immune to unholy pain and torment.
You can survive without breathing.


Message History

The orc wizard is moderately wounded.
The orc wizard hits you with a dagger.
You barely miss the orc wizard.
The orc wizard is moderately wounded.
The orc wizard closely misses you.
Sigmund the Dreaded comes into view.
He is wielding a scythe.
Sigmund shouts!
You scratch the orc wizard. You claw the orc wizard.
You kill the orc wizard!
Sigmund closely misses you.
Read which item? (? for menu, Esc to quit)
As you read the scroll of teleportation, it crumbles to dust.
You feel strangely unstable. The orc barely misses you.
The orc priest hits you from afar with a trident.
* * * LOW HITPOINT WARNING * * *
You closely miss the orc.
Sigmund hits you from afar with a scythe!
* * * LOW HITPOINT WARNING * * *
The orc hits you with a short sword.
You die...

####.<.#
#......# ###
#.##...###.###
# #
##..##....#.#
#..#.......#
##....r...o#
#####o#.o..#
#o# ... #@# #
#.# ..@ #.###
#. #. #. ..


You could see Sigmund, an orc priest, an orc and a quokka.

Vanquished Creatures
  Grinder (D:4)
  An orc wizard (D:4)
  2 adders
  An ooze (D:3)
  A dart slug (D:1)
  A giant gecko (D:2)
  6 orcs
  A giant cockroach (D:3)
  7 hobgoblins
  4 jackals (D:1)
  6 kobolds
  6 bats
  3 giant newts (D:1)
  5 goblins
  6 rats
51 creatures vanquished.

Notes
Turn   | Place    | Note
--------------------------------------------------------------
     0 | D:1      | Etesian the Ghoul Monk began the quest for the Orb.
     0 | D:1      | Reached XP level 1. HP: 19/19 MP: 0/0
    54 | D:1      | Found a one-way gate to the infinite horrors of the Abyss.
    54 | D:1      | Found a corrupted altar of Lugonu.
    54 | D:1      | Noticed an iron imp
    54 | D:1      | Noticed a quasit
    54 | D:1      | Noticed a quasit
    54 | D:1      | Noticed an iron imp
    54 | D:1      | Noticed an iron imp
    54 | D:1      | Noticed a quasit
    55 | D:1      | Noticed an iron imp
    59 | D:1      | Noticed an iron imp
    59 | D:1      | Noticed a quasit
   153 | D:1      | Reached XP level 2. HP: 23/26 MP: 1/1
   531 | D:1      | Reached skill level 5 in Unarmed Combat
   661 | D:1      | Reached XP level 3. HP: 26/31 MP: 2/2
  1188 | D:2      | Found an opulent altar of Gozag.
  1615 | D:3      | Reached XP level 4. HP: 36/40 MP: 3/3
  2125 | D:4      | Noticed Grinder
  2135 | D:4      | Killed Grinder
  2135 | D:4      | Reached skill level 6 in Unarmed Combat
  2135 | D:4      | Reached XP level 5. HP: 21/47 MP: 4/4
  2135 | D:4      | Reached XP level 6. HP: 24/53 MP: 5/5
  2145 | D:4      | Noticed Sigmund
  2147 | D:4      | Slain by an orc

Vault maps used:
D:1:      erik_arrival_cave_to_civilisation, serial_co_window_serial,
          co_window_paths_b, co_window_paths_a, co_window_paths_a,
          co_window_corner_a, co_window_paths_a, co_window_paths_b,
          co_window_corner_b, co_window_paths_c, co_window_paths_e,
          glass_columns_b, glass_columns_a, glass_columns_b
D:2:      first_bread, grunt_gozag_breadcrumbs
D:3:      dk_vineyard_2, glass_columns_a, serial_bayou_pond_d
D:4:      temple_hall, kennysheep_generic_room_9, uniq_natasha, uniq_eustachio,
          uniq_sigmund, uniq_grinder

Skill      XL: |  1  2  3  4 |
---------------+-------------+-----
Unarmed Combat | 5 6 |  6.7
Dodging        | 3 |  3.7
Fighting       | 4 |  4.7
Stealth        | |  2.1

Action                   |  1- 3 |  4- 6 || total
-------------------------+-------+-------++-------
Melee: Unarmed           |    83 |    47 ||   130
  Use: Scroll            |     6 |     5 ||    11
 Stab: Sleeping          |     6 |       ||     6
  Eat: Chunk             |     3 |     1 ||     4
